 Dungeon Crawl Stone Soup version 0.25-a0-834-g55863b0b92 (webtiles) character file.

Game seed: 3110644735484255945, levelgen mode: deterministic

2126 Esekla the Slasher (level 9, -9/63 HPs)
             Began as an Octopode Abyssal Knight on Apr 24, 2020.
             Was a Priest of Lugonu.
             Mangled by a hippogriff (10 damage)
             ... on level 9 of the Dungeon.
             The game lasted 01:52:34 (6690 turns).

Esekla the Slasher (Octopode Abyssal Knight)        Turns: 6690, Time: 01:52:36

Health: -9/63      AC:  2    Str: 11    XL:     9   Next: 29%
Magic:  10/11      EV: 16    Int: 16    God:    Lugonu [***...]
Gold:   420        SH:  0    Dex: 13    Spells: 8/9 levels left

rFire    . . .     SeeInvis .   a - +1 falchion
rCold    + . .     Gourm    .   (no shield)
rNeg     + + .     Faith    .   g - +1 hat
rPois    .         Spirit   .   c - amulet of regeneration
rElec    .         Reflect  .   (no ring)
rCorr    .         Harm     .   u - ring of positive energy
MR       +....                  y - ring "Axeunu Hish" {+Blink +Fly rC+ rN+ MR+}
Stlth    +++.......             (no ring)
HPRegen  0.60/turn              (no ring)
MPRegen  0.12/turn              (no ring)
                                (no ring)
                                (no ring)

@: no status effects
A: almost no armour, stealthy swim, amphibious, 8 rings, constrict 8, camouflage
1, gelatinous body 1
a: Depart the Abyss, Bend Space, Banish, Renounce Religion, Evoke Blink, Evoke
Flight


You were on level 9 of the Dungeon.
You worshipped Lugonu.
Lugonu was most pleased with you.
You were very hungry.

You visited 1 branch of the dungeon, and saw 9 of its levels.
You visited the Abyss 1 time.

You collected 420 gold pieces.

Inventory:

Hand Weapons
 a - a +1 falchion (weapon)
 n - a +1 vorpal spear
Missiles
 i - 3 boomerangs of dispersal
 k - 3 curare-tipped darts
 q - 5 boomerangs (quivered)
Armour
 g - a +1 hat (worn)
Jewellery
 c - an amulet of regeneration (around mantle)
 f - an uncursed ring of flight
 u - a ring of positive energy (right tentacle)
 y - the ring "Axeunu Hish" (on tentacle) {+Blink +Fly rC+ rN+ MR+}
   (You found it on level 5 of the Dungeon)

   [ring of protection from magic]

   It protects you from cold.
   It protects you from negative energy.
   It affects your resistance to hostile enchantments.
   It lets you fly.
   It lets you blink.
Wands
 m - a wand of acid (7)
 x - a wand of flame (15)
 z - a wand of clouds (5)
Scrolls
 d - a scroll of summoning {unknown}
 e - 2 scrolls of fear {unknown}
 j - 2 scrolls of identify
 l - 2 scrolls of teleportation {unknown}
 p - 2 scrolls of enchant weapon {unknown}
 r - a scroll of enchant armour {unknown}
 s - a scroll of magic mapping {unknown}
 t - a scroll of amnesia {unknown}
 v - 5 scrolls of remove curse {unknown}
Potions
 h - 4 potions of cancellation
 o - 4 potions of curing
 w - a potion of magic
Comestibles
 b - 12 rations


   Skills:
 + Level 6.3 Fighting
 * Level 7.9 Long Blades
 + Level 1.8 Throwing
 * Level 5.3 Dodging
 + Level 3.5 Stealth
 * Level 0.6 Spellcasting
 * Level 0.4 Conjurations
 * Level 0.3 Air Magic
 * Level 3.0 Invocations
 * Level 3.3 Evocations


You had 8 spell levels left.
You knew the following spells:

 Your Spells              Type           Power        Failure   Level  Hunger
a - Shock                 Conj/Air       #...         21%         1    ##.....

Your spell library contained the following spells:

 Spells                   Type           Power        Failure   Level  Hunger
 Swiftness                Chrm/Air       #.......     32%         2    ###....
 Static Discharge         Conj/Air       #.......     52%         3    ####...
 Airstrike                Air            #.........   90%         4    #####..
 Lightning Bolt           Conj/Air       #.........   99%         5    ######.


Dungeon Overview and Level Annotations

Branches:
Dungeon (10/15)            Temple (0/1) D:5
   Lair: D:8-11         Orc: D:9-12

Altars:
Cheibriados
Hepliaklqana
Nemelex Xobeh
Qazlal
Ru
Uskayaw
Vehumet
Zin

Shops:
D:4 *   D:5 [   D:9 *

Annotations:
D:6 2 runed translucent doors, DrMuscles's ghost, novice CeHu


Innate Abilities, Weirdness & Mutations

You cannot wear most types of armour.
You are very stealthy in the water. (Stealth+)
You are amphibious.
You can wear up to eight rings at the same time.
You can use your tentacles to constrict eight enemies at once.
Your skin changes colour to match your surroundings (Stealth+).
Your rubbery body absorbs attacks. (AC +1, EV +1)


Message History

The hippogriff is almost dead.
The hippogriff completely misses you. The hippogriff barely misses you.
The hippogriff claws you but does no damage.
You hit the hippogriff.
The hippogriff is almost dead.
The hippogriff bites you! The hippogriff pecks you!
* * * LOW HITPOINT WARNING * * *
The hippogriff claws you.
* * * LOW HITPOINT WARNING * * *
You feel better. The hippogriff closely misses you. The hippogriff pecks you.
* * * LOW HITPOINT WARNING * * *
The hippogriff claws you.
* * * LOW HITPOINT WARNING * * *
You blink.
You feel slightly more hungry.
A centaur comes into view.
The centaur wields a +0 shortbow.
The centaur shoots an arrow.
The arrow hits you!
* * * LOW HITPOINT WARNING * * *
The hippogriff bites you!
You die...

. ###...............####
#.##⌠##..###..####...#
#..#_#...# ##........#
##.....### #........####
#.......#####.._.........
.....∩....................
#.......§..##......####...
##.....#H..##...#### ..#
#######.@.###### ..# #...#
.# #...# .# #...# #...#
..... #.... #.c###


You could see a hippogriff and a centaur.

Vanquished Creatures
  A water moccasin (D:4)
  2 sky beasts
  2 black bears (D:6)
  An eye of draining (Abyss:3)
  2 phantoms
  2 ogres
  4 centaurs
  A bullfrog (D:9)
  A scorpion (D:4)
  2 howler monkeys (D:5)
  A crimson imp (D:6)
  2 hounds
  A jelly (D:7)
  3 orc priests
  An iguana (D:2)
  3 orc wizards
  A centaur skeleton (D:10)
  7 worker ants
  4 gnolls (D:3)
  A howler monkey skeleton (D:6)
  5 adders
  2 shadow imps
  2 oozes
  A worm (D:5)
  3 dart slugs
  4 leopard geckos
  8 orcs
  A ball python (D:1)
  3 giant cockroaches
  5 goblins
  5 hobgoblins
  3 jackals (D:6)
  A quokka (D:3)
  5 bats
  3 frilled lizards
  7 kobolds
  7 rats
107 creatures vanquished.

Vanquished Creatures (others)
  A bullfrog skeleton (D:5)
  3 orcs (D:5)
  A quokka (D:5)
5 creatures vanquished.

Grand Total: 112 creatures vanquished

Notes
Turn   | Place    | Note
-------+----------+-------------------------------------------
     0 | Abyss:1  | Esekla the Octopode Abyssal Knight began the quest for the
                  | Orb.
     0 | Abyss:1  | Reached XP level 1. HP: 16/16 MP: 2/2
    41 | Abyss:1  | Found a corrupted altar of Lugonu.
    66 | Abyss:2  | Noticed a quasit
   118 | Abyss:2  | Noticed a large abomination
   130 | Abyss:2  | Noticed a raiju
   140 | Abyss:2  | Noticed a spatial vortex
   141 | Abyss:2  | Noticed a spatial vortex
   145 | Abyss:3  | Noticed a large abomination
   145 | Abyss:3  | Noticed an eye of draining
   156 | Abyss:3  | Killed an eye of draining
   156 | Abyss:3  | Reached XP level 2. HP: 22/22 MP: 0/3
   156 | Abyss:3  | Reached XP level 3. HP: 27/27 MP: 0/4
   156 | Abyss:3  | Reached XP level 4. HP: 33/33 MP: 0/5
   165 | Abyss:3  | Noticed an orange demon
   180 | Abyss:3  | Noticed a neqoxec
   183 | Abyss:3  | Noticed a chaos spawn
   183 | Abyss:3  | Noticed a lich
   185 | Abyss:3  | Noticed a Hell Sentinel
   188 | D:1      | Escaped the Abyss
   728 | D:1      | Reached * piety under Lugonu
   800 | D:2      | Found a sacrificial altar of Ru.
   849 | D:2      | Reached skill level 3 in Long Blades
   849 | D:2      | Reached XP level 5. HP: 22/38 MP: 6/6
  1078 | D:2      | Found a stormy altar of Qazlal.
  1347 | D:2      | Found a faded altar of an unknown god.
  1554 | D:3      | Found a hide-covered altar of Uskayaw.
  1737 | D:3      | Reached ** piety under Lugonu
  1745 | D:3      | Reached skill level 1 in Stealth
  1917 | D:3      | Reached XP level 6. HP: 44/44 MP: 7/7
  2722 | D:4      | Reached skill level 4 in Long Blades
  2746 | D:5      | Entered Level 5 of the Dungeon
  2769 | D:5      | Noticed a phantom
  2780 | D:5      | Noticed a water moccasin
  2843 | D:4      | Reached skill level 5 in Fighting
  2843 | D:4      | Reached XP level 7. HP: 48/50 MP: 9/9
  2856 | D:4      | You fall into a shaft and drop 1 floor!
  2941 | D:5      | Found Ruuffaup's Armour Boutique.
  2955 | D:5      | Found a sparkling altar of Nemelex Xobeh.
  3025 | D:5      | Got a wavering platinum ring
  3028 | D:5      | Found a radiant altar of Vehumet.
  3122 | D:4      | Identified the ring "Axeunu Hish" {+Blink +Fly rC+ rN+ MR+}
                  | (You found it on level 5 of the Dungeon)
  3275 | D:4      | Found Elugyh's General Store.
  3613 | D:4      | Reached skill level 5 in Long Blades
  3823 | D:5      | Found a staircase to the Ecumenical Temple.
  4375 | D:6      | Found a snail-covered altar of Cheibriados.
  4488 | D:4      | Reached skill level 6 in Long Blades
  4488 | D:4      | Reached skill level 1 in Evocations
  4488 | D:4      | Reached XP level 8. HP: 36/56 MP: 10/10
  5231 | D:5      | Found a hazy altar of Hepliaklqana.
  5374 | D:6      | Found a runed translucent door.
  5437 | D:6      | Noticed DrMuscles's ghost (novice CeHu)
  5473 | D:6      | Found a runed translucent door.
  5490 | D:6      | Reached skill level 1 in Throwing
  5790 | D:7      | Reached skill level 7 in Long Blades
  6145 | D:7      | You fall into a shaft and drop 3 floors!
  6145 | D:10     | Entered Level 10 of the Dungeon
  6158 | D:10     | Reached skill level 5 in Dodging
  6158 | D:10     | Reached XP level 9. HP: 40/62 MP: 11/11
  6221 | D:10     | Reached *** piety under Lugonu
  6391 | D:10     | Learned a level 1 spell: Shock
  6582 | D:9      | Found a sparkling altar of Nemelex Xobeh.
  6624 | D:9      | Found Zin's Purification Station.
  6629 | D:9      | Found a glowing silver altar of Zin.
  6690 | D:9      | HP: 1/63 [centaur/arrow (8)]
  6690 | D:9      | Mangled by a hippogriff

Levels and vault maps discovered:
D:1:      lightli_arrival_maybe_door_vault, layout_loops_cross
D:2:      layout_loops_ring, nicolae_qazlal_general_emergency,
          nicolae_ru_awakened_eye, chequers_ecumenical_altar_lobes
D:3:      layout_basic, lemuel_statue_altar
D:4:      layout_loops_ring, serial_shops, kennysheep_mini_moat, first_ration
D:5:      layout_loops_ring, fiery_altar_vehumet,
          nicolae_overflow_hidden_temple, minmay_temple_entry_butterflies,
          serial_shops, nicolae_shop_statue_plus, basic_altar
D:6:      layout_layer_cave, cheibriados_altar_1, ebering_ghost_sewer_f
D:7:      layout_basic, okawaru_humans, serial_shops, shop, basic_altar,
          the_bakery
D:9:      layout_long_grid, nicolae_tso_besieged_by_evil, zin_purify,
          nicolae_overflow_crystal_walls, basic_altar
D:10:     layout_roguey, zombieorc2_lemuel, minmay_holes, uniq_gastronok,
          uniq_erica, uniq_fannar

Skill      XL: |  1  2  3  4  5  6  7  8  9 |
---------------+----------------------------+-----
Fighting       | 4 5 6 |  6.3
Dodging        | 3 4 5 |  5.3
Long Blades    | 3 4 6 7 |  7.9
Stealth        | 1 2 3 |  3.5
Evocations     | 1 3 |  3.3
Throwing       | 1 |  1.8
Invocations    | 3 |  3.0
Spellcasting   | |  0.6
Conjurations   | |  0.4
Air Magic      | |  0.3

Action                   |  1- 3 |  4- 6 |  7- 9 || total
-------------------------+-------+-------+-------++-------
Melee: Falchion          |     7 |   117 |   241 ||   365
       Constrict         |     2 |    31 |    39 ||    72
       Tentacles         |     2 |    30 |    55 ||    87
Throw: Boomerang         |       |       |    46 ||    46
       Dart              |       |       |     3 ||     3
Invok: Depart the Abyss  |       |     1 |       ||     1
 Abil: Stop Flying       |       |     1 |       ||     1
       Evoke Flight      |       |     1 |       ||     1
       Evoke Blink       |       |       |    22 ||    22
Evoke: Wand              |       |       |     1 ||     1
  Use: Scroll            |       |       |     5 ||     5
       Potion            |       |       |     4 ||     4
 Stab: Sleeping          |       |     6 |     5 ||    11
       Distracted        |       |     1 |     2 ||     3
  Eat: Chunk             |       |     3 |     9 ||    12
       Ration            |       |     1 |     1 ||     2
Armor: Skin              |       |     8 |    15 ||    23
Dodge: Dodged            |       |    60 |   207 ||   267
       Rpst.: Falchion   |       |    12 |    61 ||    73

Table legend:
 A = Non-vault XP
 B = Vault XP
 C = Vault XP percentage of total XP
 D = Non-vault monster count
 E = Vault monster count
 F = Vault count percentage of total count
                 A         B        C        D         E       F
            +---------+---------+-------+---------+---------+-------
      Total |    2913 |     125 |   4.1 |     106 |       1 |   0.9
            +---------+---------+-------+---------+---------+-------
        D:1 |      29 |       0 |   0.0 |      13 |       0 |   0.0
        D:2 |      84 |       0 |   0.0 |      20 |       0 |   0.0
        D:3 |      81 |       0 |   0.0 |      14 |       0 |   0.0
        D:4 |     542 |       0 |   0.0 |      13 |       0 |   0.0
        D:5 |     354 |       0 |   0.0 |      13 |       0 |   0.0
        D:6 |     763 |       0 |   0.0 |      14 |       0 |   0.0
        D:7 |     345 |       0 |   0.0 |       7 |       0 |   0.0
        D:9 |     257 |       0 |   0.0 |       4 |       0 |   0.0
       D:10 |     458 |       0 |   0.0 |       8 |       0 |   0.0
    Abyss:3 |       0 |     125 | 100.0 |       0 |       1 | 100.0
            +---------+---------+-------+---------+---------+-------
